Map: 프라이드 오브 알타리스 - 래더

Players

인공지능 칸 (정예)

  • Race: Protoss Protoss

llllllllllll - Winner!

  • Race: Terran Terran

VOD

Have the link to the VOD?

Description

Time

  • Played on: Dec. 3, 2021, 11:49 a.m.
  • Length: 9:15
Show
View Real Time Build Order
Export as new Build Order

인공지능 칸 (정예) Protoss 

Build Orders: 1 Gate Expand 

Get SALT Encoding   

  12  0:00  Probe  
  13  0:13  Probe  
  14  0:19  Pylon  
  14  0:25  Probe  
  15  0:33  Probe  
  15  0:41  Probe  
  17  0:50  Gateway  
  17  0:52  Probe  
  18  1:00  Probe  
  19  1:13  Probe  
  19  1:15  Nexus  
  20  1:25  Probe  
  21  1:35  Pylon  
  21  1:37  Zealot  
  23  1:43  Cybernetics Core  
  23  1:47  Assimilator  
  23  1:53  Probe  
  24  2:02  Probe  
  25  2:10  Probe  
  26  2:20  Probe  
  26  2:21  Pylon  
  26  2:23  Probe  
  27  2:31  Warp Gate, Probe  
  27  2:32  Probe  
  29  2:37  Gateway  
  29  2:40  Assimilator  
  30  2:44  Probe  
  30  2:49  Stalker  
  30  2:50  Probe  
  33  2:56  Probe  
  33  2:59  Pylon  
  33  3:02  Probe  
  33  3:05  Probe  
  34  3:13  Probe  
  34  3:15  Probe  
  34  3:19  Adept  
  38  3:21  Probe  
  38  3:24  Adept  
  40  3:32  Probe  
  40  3:34  Robotics Facility  
  40  3:39  Probe  
  42  3:43  Probe  
  43  3:49  Adept  
  43  3:51  Probe  
  43  3:54  Adept  
  43  3:55  Probe  
  49  4:02  Probe  
  49  4:04  Pylon  
  49  4:07  Probe  
  51  4:11  Probe  
  52  4:22  Immortal, Probe  
  56  4:24  Pylon  
  56  4:25  Probe  
  56  4:27  Adept  
  60  4:32  Stalker  
  60  4:35  Probe  
  60  4:37  Probe  
  64  4:43  Stalker  
  64  4:44  Robotics Facility  
  66  4:53  Probe  
  66  4:55  Stalker, Probe  
  70  5:00  Forge  
  70  5:05  Probe  
  70  5:06  Probe  
  63  5:07  Observer  
  59  5:14  Probe  
  59  5:18  Probe  
  61  5:23  Probe  
  61  5:27  Twilight Council  
  62  5:28  Probe  
  62  5:33  Probe  
  58  5:36  Probe  
  58  5:37  Photon Cannon  
  58  5:39  Photon Cannon  
  51  5:45  Probe  
  52  6:01  Zealot  
  54  6:09  Dark Shrine  
  48  6:25  Assimilator  
  47  6:34  Probe  
  47  6:37  Probe  
  45  6:42  Probe  
  45  6:49  Probe  
  45  6:51  Probe  
  45  7:04  Assimilator  
  45  7:06  Probe  
  45  7:07  Probe  
  44  7:16  Probe  
  44  7:21  Dark Templar  
  47  7:29  Probe  
  47  7:36  Probe  
  48  7:40  Probe  
  50  7:44  Probe  
  51  7:52  Probe  
  51  7:53  Probe  
  53  8:00  Dark Templar  
  53  8:04  Probe  
  56  8:06  Probe  
  56  8:12  Stalker  
  58  8:14  Archon  
  58  8:16  Probe  
  47  8:33  Dark Templar  
Show
View Real Time Build Order
Export as new Build Order

llllllllllll Terran - Winner!

Build Orders: Reaper Expand 

Get SALT Encoding   

  12  0:00  SCV  
  13  0:12  SCV  
  14  0:17  Supply Depot  
  14  0:24  SCV  
  15  0:39  SCV  
  15  0:40  Barracks  
  16  0:45  Refinery  
  16  0:51  SCV  
  17  1:05  SCV  
  18  1:17  SCV  
  19  1:29  Orbital Command  
  19  1:30  Reaper  
  20  1:41  Command Center  
  20  1:51  Supply Depot  
  20  1:55  SCV  
  21  2:01  Marine  
  22  2:12  Factory  
  22  2:13  SCV  
  23  2:17  Refinery  
  23  2:27  Bunker  
  23  2:28  SCV  
  24  2:32  Barracks Reactor  
  24  2:40  SCV  
  25  2:52  SCV  
  25  2:54  Orbital Command  
  26  2:59  Widow Mine  
  26  3:01  Starport  
  26  3:04  SCV  
  29  3:10  Marine x2  
  31  3:16  SCV  
  32  3:22  Armory  
  32  3:26  Widow Mine  
  34  3:29  SCV  
  34  3:30  Marine  
  34  3:33  SCV  
  36  3:40  Medivac  
  36  3:41  SCV  
  39  3:46  SCV  
  39  3:47  Supply Depot  
  40  3:50  Widow Mine  
  40  3:54  SCV  
  43  3:58  SCV  
  44  4:06  SCV  
  45  4:10  SCV  
  45  4:13  Supply Depot, Factory Tech Lab  
  46  4:18  SCV  
  46  4:20  Liberator  
  46  4:23  SCV  
  51  4:26  Command Center  
  51  4:27  Marine x2  
  53  4:33  SCV  
  53  4:35  Engineering Bay  
  54  4:39  Siege Tank  
  54  4:42  Supply Depot, SCV  
  58  4:46  Marine, Refinery  
  58  4:47  Refinery  
  58  4:48  SCV  
  58  4:50  Marine  
  62  5:00  SCV  
  62  5:06  Starport Tech Lab  
  62  5:09  SCV  
  62  5:12  SCV, Terran Infantry Weapons Level 1  
  62  5:13  Barracks  
  64  5:14  Barracks  
  64  5:20  Supply Depot  
  64  5:21  Marine x2  
  64  5:22  SCV  
  64  5:24  Terran Vehicle Weapons Level 1, SCV  
  68  5:33  Supply Depot x2  
  68  5:34  SCV  
  69  5:36  SCV  
  69  5:38  Raven  
  70  5:46  SCV  
  71  5:54  SCV  
  70  5:57  Supply Depot  
  70  5:58  Barracks x2  
  70  5:59  Marauder  
  70  6:00  Orbital Command  
  70  6:03  SCV  
  73  6:08  Barracks Tech Lab, Barracks Reactor  
  73  6:10  SCV  
  74  6:15  SCV  
  74  6:16  Engineering Bay  
  75  6:21  Supply Depot  
  75  6:23  SCV  
  75  6:25  Stimpack  
  76  6:27  SCV, Marine, Combat Shield  
  76  6:28  SCV  
  79  6:34  Marine  
  79  6:35  SCV  
  79  6:39  SCV, Siege Tank  
  85  6:40  SCV  
  85  6:42  Terran Infantry Armor Level 1  
  85  6:45  Marine  
  88  6:47  SCV  
  88  6:48  Barracks Reactor  
  88  6:51  SCV  
  88  6:52  SCV, Barracks Tech Lab  
  90  6:56  Marine x2  
  90  6:59  SCV  
  90  7:00  Refinery  
  93  7:03  SCV  
  93  7:04  SCV  
  93  7:07  Ghost Academy, Marauder x2  
  99  7:11  SCV  
  99  7:15  SCV, Concussive Shells  
  98  7:16  Marine x2, Marauder  
  98  7:19  SCV  
  98  7:20  Supply Depot  
  104  7:25  Siege Tank  
  104  7:26  Marine x2  
  104  7:28  Marauder x2  
  113  7:32  SCV  
  113  7:34  SCV, Marine x2  
  117  7:37  Missile Turret  
  117  7:38  SCV, Marauder  
  117  7:40  Refinery  
  117  7:41  Missile Turret  
  117  7:43  Command Center  
  120  7:50  Medivac  
  120  7:51  Medivac  
  124  7:56  Supply Depot, SCV  
  124  7:57  SCV  
  126  8:01  SCV, Marine x3  
  126  8:02  Marauder  
  132  8:12  Supply Depot  
  132  8:13  Supply Depot  
  132  8:17  Siege Tank, Marauder  
  137  8:26  Marine x4  
  140  8:28  Marauder  
  140  8:31  Marine  
  140  8:32  Medivac  
  141  8:36  Starport  
  141  8:38  Marine  
  141  8:40  Supply Depot  
  141  8:41  Barracks  
  141  8:43  Marine x2  
  141  8:47  Fusion Core  
  141  8:48  Starport  
  143  8:49  Marauder x2  
Tags
 
Add a new tag
Caveats
  • Supply blocks, unpowered buildings, or Contaminate may cause inaccurate times.
  • Supply counts are checked every 10 seconds.